 Dungeon Crawl Stone Soup version 0.21.1-1-g345015f (webtiles) character file.

50 shakethe the Insei (level 3, -1/24 HPs)
             Began as an Octopode Transmuter on Feb 7, 2018.
             Slain by a quokka (3 damage)
             ... on level 2 of the Dungeon.
             The game lasted 00:01:55 (812 turns).

shakethe the Insei (Octopode Transmuter)             Turns: 812, Time: 00:01:56

Health: -1/24      AC:  1    Str:  9    XL:     3   Next: 79%
Magic:  6/6        EV: 14    Int: 15    God:
Gold:   27         SH:  0    Dex: 13    Spells: 5/6 levels left

rFire    . . .     SeeInvis .     - Unarmed
rCold    . . .     Gourm    .   (no shield)
rNeg     . . .     Faith    .   (helmet restricted)
rPois    .         Spirit   .   (no amulet)
rElec    .         Reflect  .   (no ring)
rCorr    .         Harm     .   (no ring)
MR       .....                  (no ring)
Stlth    ++........             (no ring)
HPRegen  0.08/turn              (no ring)
MPRegen  0.10/turn              (no ring)
                                (no ring)
                                (no ring)

@: no status effects
A: almost no armour, stealthy swim, amphibious, 8 rings, constrict 8, camouflage
1, gelatinous body 1
a: no special abilities


You were on level 2 of the Dungeon.
You were not hungry.

You visited 1 branch of the dungeon, and saw 2 of its levels.

You collected 27 gold pieces.

Inventory:

Missiles
 a - 37 arrows
Scrolls
 d - a scroll of remove curse {unknown}
 g - a scroll of teleportation {unknown}
Potions
 e - a potion of ambrosia {unknown}
 f - a potion of lignification {unknown}
 h - a potion of mutation {unknown}
Books
 b - a book of Changes

   Spells                             Type                      Level
   a - Beastly Appendage              Transmutation                1
   b - Sticks to Snakes               Transmutation                2
   c - Spider Form                    Transmutation/Poison         3
   d - Ice Form                       Ice/Transmutation            4
   e - Blade Hands                    Transmutation                5
Comestibles
 c - 2 rations


   Skills:
 + Level 1.6 Fighting
 + Level 2.5 Dodging
 + Level 3.3 Unarmed Combat
 + Level 2.4 Spellcasting
 + Level 2.4 Transmutations


You had 5 spell levels left.
You knew the following spells:

 Your Spells              Type           Power        Failure   Level  Hunger
a - Beastly Appendage     Tmut           #.....       8%          1    #......


Dungeon Overview and Level Annotations

Branches:
Dungeon (2/15)

Altars:

Annotations:
D:2 Sigmund


Innate Abilities, Weirdness & Mutations

You cannot wear most types of armour.
You are very stealthy in the water. (Stealth+)
You are amphibious.
You can wear up to eight rings at the same time.
You can use your tentacles to constrict eight enemies at once.
Your skin changes colour to match your surroundings (Stealth+).
Your rubbery body absorbs attacks. (AC +1, EV +1)


Message History

You are too injured to fight recklessly!
You are too injured to fight recklessly!
You are too injured to fight recklessly!
You are too injured to fight recklessly!
You are too injured to fight recklessly!
You are too injured to fight recklessly!
You tentacle-slap the hobgoblin.
You kill the hobgoblin!
Sigmund mumbles some strange words.
Sigmund flickers and vanishes!
Deactivating autopickup; reactivate with Ctrl-A.
The quokka bites you.
* * * LOW HITPOINT WARNING * * *
The quokka closely misses you. The quokka bites you.
* * * LOW HITPOINT WARNING * * *
The quokka barely misses you.
The quokka twitches its whiskers.
The quokka bites you.
You die...

.# ###.##.### ..# .# ....<....##
#..# ## #........##... ## .#
#...........# ..## # .#
#..........###.... # .#
#...............# # # .####
#...............#.# # ....#
#........#.....)..# ## ###.##
######@....#...##.####.
###..##########r.##......##...#..
..†........{....#####...........#
......########### #.......###.#
####....# ###>.#......# ###.....
##..#.##..# ##..# #.....#... #..#
##.#.†..## #.. #........


You could see a quokka.

Vanquished Creatures
  An adder (D:2)
  A worm (D:2)
  A dart slug (D:1)
  4 bats (D:1)
  A giant cockroach (D:1)
  5 goblins
  6 hobgoblins
  8 kobolds
  2 frilled lizards (D:2)
  6 rats
35 creatures vanquished.

Notes
Turn   | Place    | Note
-------+----------+-------------------------------------------
     0 | D:1      | shakethe the Octopode Transmuter began the quest for the Orb.
     0 | D:1      | Reached XP level 1. HP: 13/13 MP: 3/3
    57 | D:1      | Reached XP level 2. HP: 15/18 MP: 1/5
   338 | D:1      | Reached XP level 3. HP: 17/23 MP: 4/6
   787 | D:2      | Noticed Sigmund
   801 | D:2      | HP: 1/24 [quokka (5)]
   812 | D:2      | Slain by a quokka

Action                   || total
-------------------------++-------
Melee: Unarmed           ||    68
       Constrict         ||    19
       Tentacles         ||    14
       Kick              ||    10
       Punch             ||     2
 Cast: Beastly Appendage ||    13
 Stab: Sleeping          ||     5
Armor: Skin              ||     6
Dodge: Dodged            ||    38
